 Dungeon Crawl Stone Soup version 0.17-a0-1763-g847a857 (webtiles) character file.

17901 hexophile the Blocker (level 12, -16/163 HPs)
             Began as a Demonspawn Berserker on Sept 5, 2015.
             Was a Priest of Trog.
             Demolished by a profane servitor
             ... wielding a +3 demon whip
              (20 damage)
             ... on level 2 of the Abyss.
             The game lasted 00:22:19 (8805 turns).

hexophile the Blocker (Demonspawn Berserker)        Turns: 8805, Time: 00:22:19

Health: -16/163    AC:  9    Str: 26    XL:     12   Next: 23%
Magic:  12/12      EV: 20    Int:  9    God:    Trog [***...]
Gold:   627        SH: 13    Dex: 19    Spells: 0 memorised, 11 levels left

rFire  + . .     SeeInvis .     o - +2 dagger (elec)
rCold  . . .     Clarity  +     b - +0 troll leather armour {Purgy}
rNeg   + . .     SustAt   +     D - +0 shield (curse)
rPois  .         Gourm    .     f - +0 hat
rElec  +         Spirit   .     (no cloak)
rCorr  .         Warding  +     n - +1 pair of gloves
rMut   .         Stasis   .     (no boots)
MR     ++...                    c - amulet of warding
Stlth  ..........               t - +2 ring of slaying
                                j - ring of sustain attributes

@: mighty, agile, berserking, regenerating, wreathed by umbra, drained, very
quick, very resistant to hostile enchantments, extremely unstealthy
A: horns 2, talons 2, icy blue scales 2, blurry vision 1, clarity, deterioration
1, fire resistance 1, powered by death 1, powered by pain 2, robust 2,
electricity resistance, MP-powered wands
a: Burn Spellbooks, Berserk, Trog's Hand, Renounce Religion


You were on level 2 of the Abyss.
You worshipped Trog.
Trog was most pleased with you.
You were full.

You visited 1 branch of the dungeon, and saw 9 of its levels.
You visited the Abyss 1 time.
You also visited: Sewer.

You collected 627 gold pieces.

Inventory:

Hand weapons
 a - a +0 falchion
 o - a +2 dagger of electrocution (weapon)
Missiles
 i - 277 stones (quivered)
Armour
 b - a +0 troll leather armour (worn) {Purgy}
 f - a +0 hat (worn)
 n - a +1 pair of gloves (worn)
 s - a +0 helmet
 D - a cursed +0 shield (worn)
Jewellery
 c - an amulet of warding (around neck)
 j - a ring of sustain attributes (left hand)
 t - a +2 ring of slaying (right hand)
 w - an uncursed ring of invisibility
 E - an uncursed ring of poison resistance
Magical devices
 p - a wand of slowing (13)
 z - a wand of draining (9)
 F - a wand of fireball (10)
 G - a wand of cold (11)
 H - a wand of flame (30)
Scrolls
 d - a scroll of fog {unknown}
 e - 3 scrolls of remove curse
 h - 2 scrolls of teleportation
 l - 5 scrolls of identify
 q - a scroll of fear
 y - 2 scrolls of enchant armour
 A - a scroll of recharging
 K - 2 scrolls of magic mapping
Potions
 k - 4 potions of haste
 r - a potion of lignification {unknown}
Books
 v - a book of Enchantments

   Spells                             Type                      Level
   a - Cause Fear                     Hexes                        4
   b - Silence                        Hexes/Air                    5
   c - Deflect Missiles               Charms/Air                   6
   d - Haste                          Charms                       6
   e - Discord                        Hexes                        8
   Trog disapproves of the use of such an item.
Comestibles
 g - 7 meat rations
 m - a bread ration
 x - 2 fruits


   Skills:
 + Level 7.3(6.9) Fighting
 - Level 11.0(10.9) Short Blades
 - Level 4.5(8.1) Long Blades
 - Level 1.7(1.4) Armour
 * Level 6.5(6.1) Dodging
 * Level 11.5(11.0) Shields


You had 11 spell levels left.
You didn't know any spells.

Dungeon Overview and Level Annotations

Branches:
Dungeon (9/15)             Temple (0/1) D:6
   Lair: D:8-11         Orc: D:9-12

Altars:
Ashenzari
Fedhas
Gozag
Okawaru
Sif Muna
Xom
The Shining One

Shops:
D:5 :   D:9 }

Annotations:
D:9 Psyche


Innate Abilities, Weirdness & Mutations

You have razor-sharp toenails.
You are mostly covered in icy blue scales (AC +3, EV -1).
You regenerate a little health from kills.
You sometimes gain power by taking damage.
You have a pair of horns on your head.
Scrolls take you a little longer to read.
You possess an exceptional clarity of mind.
Your body sometimes deteriorates upon taking damage.
Your flesh is heat resistant.
You are very robust (+20% HP).
You are resistant to electric shocks.
You expend magic power (3 MP) to strengthen your wands.


Message History

Unknown command.
You are too berserk!
Unknown command.
You are too berserk!
Unknown command.
You miss the profane servitor.
You claw the profane servitor, but do no damage.
You headbutt the profane servitor!
The profane servitor is heavily damaged.
You block the profane servitor's attack.
The profane servitor misses you. You block the worldbinder's attack.
You block the worldbinder's attack.
You completely miss the profane servitor.
You claw the profane servitor. You headbutt the profane servitor.
The profane servitor is heavily damaged.
Unknown command.
You hit the profane servitor. Your kick misses the profane servitor.
The profane servitor is heavily damaged.
The profane servitor hits you with an enchanted demon whip!!
You die...

## # # . #. #
.....## .#
### #.##..# .
.#.#.#.. .
##.... #...#
#..##.##.##.#
. ..p.##..##
#....#.x.A..#
.. ##.#@##. #
. ...##.# #
##. .# .##.#
#.###.# #.# #
..# .# # # #.


You could see a profane servitor, a vault sentinel and a worldbinder.

Vanquished Creatures
  2 tentacled starspawn
  A revenant (Abyss:1)
  A white draconian (Abyss:1)
  A great orb of eyes (Abyss:1)
  2 wretched stars (Abyss:1)
  A shadow demon (Abyss:2)
  2 worldbinders
  2 smoke demons (Abyss:1)
  An apocalypse crab (Abyss:1)
  A sixfirhy (Abyss:2)
  A naga mage (Abyss:1)
  An emperor scorpion zombie (Abyss:2)
  2 hellwings
  A troll (D:9)
  An ancient zyme (Abyss:1)
  2 two-headed ogres
  A blink frog (Abyss:1)
  A raiju (Abyss:1)
  2 ynoxinuls (Abyss:1)
  A deep elf mage (D:9)
  A spriggan (D:7)
  A fire bat (Abyss:1)
  6 large abominations
  2 hungry ghosts (D:8)
  2 nagas (Abyss:1)
  Menkaure (D:5)
  A neqoxec (Abyss:1)
  2 water moccasins
  3 ice beasts
  2 sky beasts
  Purgy (Sewer)
  An orc warrior (D:7)
  2 ogres
  A black bear (D:6)
  A centaur (D:5)
  A phantom (D:7)
  Blork the orc (D:5)
  A wyvern zombie (D:9)
  4 wights (D:7)
  4 crimson imps
  2 jellies
  A giant frog zombie (D:6)
  2 giant frog skeletons
  4 hounds
  3 orc wizards
  12 worker ants
  3 iguanas
  12 small abominations
  A worker ant zombie (D:7)
  4 gnolls (D:9)
  Robin (D:3)
  3 river rats (D:3)
  11 adders
  2 shadow imps
  A white imp (Abyss:1)
  An ufetubus (Abyss:2)
  2 oozes
  An adder skeleton (D:7)
  3 worms (D:3)
  3 giant geckos
  16 orcs
  2 ball pythons
  9 bats
  14 hobgoblins
  8 jackals (D:1)
  6 kobolds
  3 quokkas
  10 giant cockroaches
  A giant gecko skeleton (D:5)
  2 giant newts
  13 goblins
  A quokka zombie (D:5)
  14 rats
  A butterfly (D:6)
  A starspawn tentacle (Abyss:2)
238 creatures vanquished.

Vanquished Creatures (others)
  A large abomination (Abyss:1)
  A lurking horror (Abyss:2)
  5 starspawn tentacles
  27 starspawn tentacle segments
34 creatures vanquished.

Grand Total: 272 creatures vanquished

Notes
Turn   | Place    | Note
--------------------------------------------------------------
     0 | D:1      | hexophile the Demonspawn Berserker began the quest for the Orb.
     0 | D:1      | Reached XP level 1. HP: 18/18 MP: 1/1
   125 | D:1      | Gained mutation: You sometimes gain a little power by taking damage. [demonic ancestry]
   125 | D:1      | Reached XP level 2. HP: 14/24 MP: 2/2
   565 | D:1      | Acquired Trog's second power
   565 | D:1      | Gained mutation: You regenerate a little health from kills. [demonic ancestry]
   565 | D:1      | Reached XP level 3. HP: 24/29 MP: 3/3
   951 | D:2      | Reached skill level 4 in Long Blades
  1519 | D:2      | Gained mutation: You have sharp toenails. [demonic ancestry]
  1519 | D:2      | Reached XP level 4. HP: 32/35 MP: 4/4
  1802 | D:2      | Reached skill level 1 in Short Blades
  1929 | D:2      | Found a glowing golden altar of the Shining One.
  1929 | D:2      | Found a shattered altar of Ashenzari.
  1930 | D:2      | Found a blossoming altar of Fedhas.
  1933 | D:2      | Found a deep blue altar of Sif Muna.
  2389 | D:3      | Found a glowing drain.
  2411 | D:3      | Reached XP level 5. HP: 41/41 MP: 5/5
  2430 | Sewer    | Entered a sewer
  2470 | Sewer    | Noticed Purgy
  2479 | Sewer    | Killed Purgy
  2698 | D:3      | Gained mutation: You are partially covered in icy blue scales (AC +1). [demonic ancestry]
  2698 | D:3      | Reached XP level 6. HP: 47/47 MP: 6/6
  2951 | D:3      | Noticed Robin
  2957 | D:3      | Killed Robin
  3019 | D:3      | Acquired Trog's third power
  3536 | D:4      | Reached skill level 5 in Short Blades
  3964 | D:5      | Entered Level 5 of the Dungeon
  3996 | D:5      | Found an opulent altar of Gozag.
  4058 | D:5      | Found Rimamp's Book Emporium.
  4155 | D:5      | Reached XP level 7. HP: 52/52 MP: 7/7
  4269 | D:5      | Noticed Menkaure
  4276 | D:5      | Reached skill level 1 in Shields
  4280 | D:5      | Killed Menkaure
  4280 | D:5      | Reached skill level 6 in Short Blades
  4578 | D:5      | Noticed Blork the orc
  4586 | D:5      | Killed Blork the orc
  4586 | D:5      | Reached XP level 8. HP: 58/58 MP: 8/8
  5040 | D:6      | Reached skill level 7 in Short Blades
  5051 | D:6      | Found a staircase to the Ecumenical Temple.
  5467 | D:7      | Found an iron altar of Okawaru.
  5467 | D:7      | Found a shimmering altar of Xom.
  5742 | D:7      | Gained mutation: You have a pair of small horns on your head. [potion of mutation]
  5742 | D:7      | Gained mutation: Scrolls take you a little longer to read. [potion of mutation]
  5742 | D:7      | Gained mutation: Your flesh is heat resistant. [potion of mutation]
  5803 | D:7      | Reached skill level 5 in Shields
  6265 | D:7      | Reached skill level 8 in Short Blades
  6265 | D:7      | Reached XP level 9. HP: 49/63 MP: 9/9
  6961 | D:8      | Gained mutation: You are resistant to electric shocks. [mutagenic meat]
  6962 | D:8      | Gained mutation: You have a pair of horns on your head. [mutagenic meat]
  6963 | D:8      | Gained mutation: You are robust (+10% HP). [mutagenic meat]
  6964 | D:8      | Gained mutation: You expend magic power (3 MP) to strengthen your wands. [mutagenic meat]
  6965 | D:8      | Gained mutation: You are very robust (+20% HP). [mutagenic meat]
  6966 | D:8      | Gained mutation: You can spit weak poison. [mutagenic meat]
  7106 | D:9      | Reached skill level 9 in Short Blades
  7122 | D:9      | Found Qufryfod's Gadget Shoppe.
  7186 | D:9      | Got a crude whip
  7189 | D:9      | Identified the +5 whip of Kismet {drain, +Fly Str+2} (You found it on level 9 of the Dungeon)
  7594 | D:9      | Gained mutation: You sometimes gain power by taking damage. [demonic ancestry]
  7594 | D:9      | Reached XP level 10. HP: 84/84 MP: 10/10
  7693 | D:9      | Noticed Psyche
  7705 | D:9      | Cast into the Abyss (Psyche)
  7800 | Abyss:1  | Noticed a white draconian
  7821 | Abyss:1  | Killed a white draconian
  7821 | Abyss:1  | Reached skill level 10 in Short Blades
  8011 | Abyss:1  | Noticed a great orb of eyes
  8018 | Abyss:1  | Paralysed by a great orb of eyes for 5 turns
  8024 | Abyss:1  | Killed a great orb of eyes
  8060 | Abyss:1  | Found a sparkling altar of Nemelex Xobeh.
  8074 | Abyss:1  | Paralysed by you for 7 turns
  8086 | Abyss:1  | HP: 10/130 [apocalypse crab (8)]
  8089 | Abyss:1  | Reached skill level 5 in Fighting
  8102 | Abyss:1  | Lost mutation: You can spit weak poison. [mutagenic meat]
  8103 | Abyss:1  | Gained mutation: You possess an exceptional clarity of mind. [mutagenic meat]
  8105 | Abyss:1  | Noticed a starcursed mass
  8107 | Abyss:1  | Noticed a thrashing horror
  8123 | Abyss:1  | Gained mutation: Your body sometimes deteriorates upon taking damage. [mutagenic glow]
  8143 | Abyss:1  | Gained mutation: You have razor-sharp toenails. [demonic ancestry]
  8143 | Abyss:1  | Reached XP level 11. HP: 40/96 MP: 11/11
  8159 | Abyss:1  | Noticed a wretched star
  8179 | Abyss:1  | Killed a wretched star
  8179 | Abyss:1  | Reached skill level 11 in Short Blades
  8197 | Abyss:1  | Noticed a giant orange brain
  8208 | Abyss:1  | Noticed a wretched star
  8214 | Abyss:1  | Noticed a starcursed mass
  8222 | Abyss:1  | Paralysed by accursed screaming for 1 turns
  8246 | Abyss:1  | Noticed a tentacled starspawn
  8265 | Abyss:1  | Killed a tentacled starspawn
  8265 | Abyss:1  | Reached skill level 10 in Shields
  8286 | Abyss:1  | Noticed a revenant
  8288 | Abyss:1  | Found a shimmering altar of Xom.
  8314 | Abyss:1  | Killed a revenant
  8324 | Abyss:1  | Noticed a wretched star
  8342 | Abyss:1  | Killed a wretched star
  8362 | Abyss:1  | Noticed a spatial maelstrom
  8407 | Abyss:1  | Reached skill level 5 in Dodging
  8413 | Abyss:1  | HP: 12/148 [small abomination (18)]
  8509 | Abyss:2  | Noticed a shadow demon
  8525 | Abyss:2  | Killed a shadow demon
  8525 | Abyss:2  | Gained mutation: You are mostly covered in icy blue scales (AC +3, EV -1). [demonic ancestry]
  8525 | Abyss:2  | Reached XP level 12. HP: 64/106 MP: 12/12
  8573 | Abyss:2  | Noticed a spatial maelstrom
  8724 | Abyss:2  | Noticed a tentacled starspawn
  8741 | Abyss:2  | Killed a tentacled starspawn
  8783 | Abyss:2  | Noticed a profane servitor
  8796 | Abyss:2  | Noticed an ironheart preserver
  8797 | Abyss:2  | HP: 14/163 [profane servitor/enchanted demon whip (12)]
  8801 | Abyss:2  | HP: 2/163 [profane servitor/enchanted demon whip (7)]
  8805 | Abyss:2  | Demolished by a profane servitor

Vault maps used:
D:1:      dpeg_arrival_ratfight
D:2:      minitemple, first_bread, minmay_strange_pillars, minmay_misc_feat_tiny
D:3:      portal_sewer_entry_b, uniq_robin
D:5:      old_standard_altar, serial_shops, kennysheep_mini_moat,
          uniq_blork_the_orc, uniq_menkaure
D:6:      minmay_temple_entry_butterflies, minmay_hedge_maze
D:7:      amethyst_overflow_temple_binary, the_bakery
D:9:      serial_shops, shop_fountains, uniq_psyche
Abyss:2:  evilmike_abyss_exit_kraken
Sewer:    kennysheep_door_sewer

Action                   |  1- 3 |  4- 6 |  7- 9 | 10-12 || total
-------------------------+-------+-------+-------+-------++-------
Melee: Falchion          |   155 |     9 |       |       ||   164
       Dagger            |       |   278 |   344 |   373 ||   995
Invok: Berserk           |     3 |       |     1 |    11 ||    15
       Trog's Hand       |       |       |       |    15 ||    15
  Use: Scroll            |       |    12 |     6 |     2 ||    20
       Potion            |       |       |    12 |     3 ||    15
 Stab: Sleeping          |       |     3 |     1 |       ||     4
       Invisible         |       |       |     2 |       ||     2
  Eat: Chunk             |     2 |     6 |    13 |     2 ||    23
       Bread ration      |     1 |     1 |       |     4 ||     6
       Pizza             |       |       |     2 |       ||     2
       Meat ration       |       |       |     1 |     1 ||     2
